 Dungeon Crawl Stone Soup version 0.18-a0-1805-g8ab820f (webtiles) character file.

109 epen the Sneak (level 4, -3/33 HPs)
             Began as a Vampire Assassin on Apr 26, 2016.
             Killed by nerve-wracking pain
             ... invoked by Grinder
              (9 damage)
             ... on level 3 of the Dungeon.
             The game lasted 00:07:21 (2259 turns).

epen the Sneak (Vampire Assassin)                   Turns: 2259, Time: 00:07:23

Health: -3/33      AC:  3    Str: 10    XL:     4   Next: 59%
Magic:  4/4        EV: 13    Int: 13    God:
Gold:   135        SH:  0    Dex: 16    Spells: 0 memorised, 3 levels left

rFire  . . .     SeeInvis +     i - +1 short sword (venom)
rCold  + + .     Gourm    .     c - +0 robe
rNeg   + + +     Faith    .     (no shield)
rPois  +         Spirit   .     (no helmet)
rElec  .         Dismiss  .     d - +0 cloak
rCorr  .         Reflect  .     (no gloves)
SustAt .         Harm     .     (no boots)
MR     .....                    (no amulet)
Stlth  ++++......               (no ring)
                                (no ring)

@: regenerating slowly, not resistant to hostile enchantments, stealthy
A: fangs 3, see invisible, unbreathing
a: Bat Form


You were on level 3 of the Dungeon.
You were near bloodless.

You visited 1 branch of the dungeon, and saw 3 of its levels.

You collected 135 gold pieces.

Inventory:

Hand Weapons
 a - a +2 dagger
 b - a +0 blowgun
 i - a +1 short sword of venom (weapon)
Missiles
 e - 8 poisoned needles
 f - 2 curare-tipped needles
 l - 8 needles of confusion
Armour
 c - a +0 robe (worn)
 d - a +0 cloak (worn)
Jewellery
 s - an uncursed amulet of faith
Wands
 t - a wand of slowing (42/48)
Scrolls
 h - 4 scrolls of identify {unknown}
 j - a scroll of enchant armour {unknown}
 k - a scroll of noise {unknown}
 o - 2 scrolls of enchant weapon {unknown}
Potions
 g - 18 potions of blood
 m - a potion of curing {unknown}
 n - a potion of cancellation {unknown}
 p - a potion of cure mutation {unknown}
 q - a potion of lignification {unknown}
 r - a potion of agility {unknown}


   Skills:
 + Level 2.1 Fighting
 * Level 3.5 Short Blades
 - Level 1.5 Throwing
 * Level 3.0 Dodging
 + Level 6.6 Stealth


You had 3 spell levels left.
You didn't know any spells.

Dungeon Overview and Level Annotations

Branches:
Dungeon (3/15)

Altars:

Annotations:
D:3 Grinder


Innate Abilities, Weirdness & Mutations

You heal slowly.
You have razor-sharp teeth.
You have supernaturally acute eyesight.
You can survive without breathing.


Message History

You hit Grinder.
Grinder is poisoned.
Grinder is moderately wounded.
Grinder hits you!
You hit Grinder.
Grinder is moderately wounded.
Grinder hits you!
* * * LOW HITPOINT WARNING * * *
Unknown command.
You are too injured to fight recklessly!
You are too injured to fight recklessly!
Grinder gestures at you. You resist with significant effort.
Grinder gestures at you. You resist with significant effort.
Grinder blinks!
You start resting.
You start resting.
Grinder gestures at you. Pain shoots through your body!
You die...

.... #..# #..# #####
#..# #...
#..############.#
##...............#
.....###.........#
.......#.###.....#+#####
.....#.#.# #.###@......#
(....+.#.# #.5.........#
..<..###.# #####.......#
.....# #.# #.......#
.##.## #.# #.......#
.##... #.# #########
.##.##.# .# .# # .# .#


You could see Grinder.

Vanquished Creatures
  Jessica (D:2)
  2 adders (D:2)
  2 worms (D:2)
  4 dart slugs
  2 giant geckos (D:2)
  2 giant cockroaches
  12 goblins
  4 hobgoblins
  7 kobolds
  A ball python (D:1)
  3 bats
  3 giant newts
  7 rats
50 creatures vanquished.

Notes
Turn   | Place    | Note
--------------------------------------------------------------
     0 | D:1      | epen the Vampire Assassin began the quest for the Orb.
     0 | D:1      | Reached XP level 1. HP: 16/16 MP: 1/1
    37 | D:1      | Reached skill level 6 in Stealth
   183 | D:1      | Reached XP level 2. HP: 16/22 MP: 2/2
   788 | D:1      | Reached XP level 3. HP: 23/27 MP: 3/3
  1816 | D:2      | Noticed Jessica
  1821 | D:2      | Killed Jessica
  1821 | D:2      | Reached XP level 4. HP: 32/33 MP: 4/4
  2234 | D:3      | Noticed Grinder
  2259 | D:3      | Killed from afar by Grinder

Vault maps used:
D:1:      dpeg_arrival_round_c, grunt_decor_arrowhead, st_stairs_5
D:2:      minmay_misc_feat_more_columns, uniq_jessica
D:3:      grunt_gozag_statues, serial_curves, eino_curves_02, eino_curves_01,
          eino_curves_02, eino_curves_03, uniq_grinder, uniq_sigmund, uniq_iyjb

Skill      XL: |  1  2  3  4 |
---------------+-------------+-----
Stealth        | 6 |  6.6
Dodging        | 2 3 |  3.0
Short Blades   | 3 |  3.5
Fighting       | 2 |  2.1
Throwing       | |  1.5

Action                   |  1- 3 |  4- 6 || total
-------------------------+-------+-------++-------
Melee: Short sword       |    91 |    22 ||   113
       Dagger            |     2 |       ||     2
       Bite              |     9 |     4 ||    13
 Stab: Sleeping          |    10 |     1 ||    11
Armor: Robe              |    19 |     3 ||    22
Dodge: Dodged            |    51 |    16 ||    67
